 Dungeon Crawl Stone Soup version 0.27-a0-1557-g57f10a385c (webtiles) character file.

Game seed: 12947396083349713165

1438 Gwenloh the Ruffian (level 8, 0/79 HPs)
             Began as a Troll Monk on July 15, 2021.
             Slain by a gnoll (6 damage)
             ... on level 7 of the Dungeon.
             The game lasted 00:13:30 (4162 turns).

Gwenloh the Ruffian (Troll Monk)                    Turns: 4162, Time: 00:13:31

Health: 0/79       AC:  5    Str: 20    XL:     8   Next: 45%
Magic:  0/7        EV: 10    Int:  6    God:
Gold:   351        SH:  0    Dex: 14    Spells: 7/7 levels left

rFire    . . .     SeeInvis .   a - +6 shillelagh "Devastator" {shatter}
rCold    . . .     Faith    .   (no shield)
rNeg     . . .     Spirit   .   c - +0 robe
rPois    +         Reflect  .   (helmet restricted)
rElec    .         Harm     .   x - +0 cloak {rPois}
rCorr    .         Rampage  .   (gloves unavailable)
Will     .....                  (boots unavailable)
Stlth    ++........             (no amulet)
HPRegen  1.23/turn              n - +4 ring of slaying
MPRegen  0.10/turn              C - +4 ring of slaying

@: no status effects
A: large, unfitting armour, claws 3, regeneration 1, shaggy fur 1, tough skin 1
a: no special abilities


You were on level 7 of the Dungeon.
You visited 1 branch of the dungeon, and saw 7 of its levels.

You collected 351 gold pieces.

Inventory:

Hand Weapons
 a - the +6 shillelagh "Devastator" (weapon) {shatter}
   (You found it on level 5 of the Dungeon)

   It releases a powerful concussive burst when it strikes, dealing extra damage
   to the target and all other foes adjacent to them.
Missiles
 b - 153 stones
 h - a boomerang (quivered)
 s - 11 poisoned darts
 u - a throwing net
Armour
 c - a +0 robe (worn)
 x - a +0 cloak of poison resistance (worn)
Jewellery
 d - an amulet of magic regeneration
 n - a +4 ring of slaying (left claw)
 B - a ring of flight
 C - a +4 ring of slaying (right claw)
Wands
 i - a wand of polymorph (4)
 k - a wand of flame (28)
Scrolls
 e - 2 scrolls of amnesia
 f - a scroll of fear {unknown}
 g - 4 scrolls of teleportation
 l - 2 scrolls of silence {unknown}
 p - 5 scrolls of identify {unknown}
 q - a scroll of enchant armour {unknown}
 r - a scroll of holy word {unknown}
 t - 2 scrolls of fog {unknown}
 v - a scroll of vulnerability {unknown}
 w - a scroll of magic mapping {unknown}
 y - a scroll of noise {unknown}
Potions
 j - a potion of lignification {unknown}
 m - a potion of degeneration {unknown}
 o - 2 potions of haste {unknown}
 z - 3 potions of curing {unknown}
 A - a potion of attraction {unknown}
 D - a potion of mutation {unknown}


   Skills:
 + Level 4.6 Fighting
 * Level 5.9 Throwing
 - Level 2.4 Dodging
 - Level 1.0 Stealth
 * Level 7.3 Unarmed Combat


You had 7 spell levels left.
You didn't know any spells.
Your spell library contained the following spells:

 Spells                   Type           Power      Damage    Failure   Level
 Animate Skeleton         Necr           0%         N/A       45%         1
 Pain                     Necr           0%         1d4       45%         1
 Vampiric Draining        Necr           0%         2d6       83%         3


Dungeon Overview and Level Annotations

Branches:
Dungeon (7/15)
 Temple: D:4-7

Altars:

Shops:
D:1 [   D:3 *   D:5 :


Innate Abilities, Weirdness & Mutations

You are too large for most types of armour.
You have claws for hands.
Your natural rate of healing is unusually fast.
You are covered in fur. (AC +1)
You have tough skin. (AC +1)


Message History

The gnoll sergeant is almost dead.
A gnoll comes into view.
It is wielding a +2 flail of protection.
Time to lay down the shillelagh law.
a - the +6 shillelagh "Devastator" (weapon)
{shatter} The gnoll shouts!
The gnoll closely misses you.
The gnoll sergeant hits you with a +3 antimagic trident!
You feel your power leaking away. The gnoll sergeant blocks your attack.
The gnoll sergeant is almost dead.
The gnoll sergeant barely misses you. The gnoll closely misses you.
The gnoll sergeant blocks your attack.
The gnoll sergeant is almost dead.
The gnoll hits you but does no damage. The gnoll hits you with a +0 flail.
The gnoll sergeant hits you with a +3 antimagic trident!
You feel your power leaking away. The gnoll barely misses you.
The gnoll hits you but does no damage.
The gnoll sergeant hits you with a +3 antimagic trident!!
You feel your power leaking away. The gnoll hits you with a +0 flail!
You barely miss the gnoll sergeant.
The gnoll sergeant is almost dead.
The gnoll misses you. The gnoll hits you with a +0 spear.
The gnoll closely misses you.
The gnoll sergeant hits you with a +3 antimagic trident.
The gnoll hits you but does no damage.
Unknown command.
You hit the gnoll sergeant but do no damage.
The gnoll sergeant is almost dead.
The gnoll hits you with a +2 flail of protection.
The gnoll barely misses you. The gnoll hits you with a +0 flail!
* * * LOW HITPOINT WARNING * * *
The gnoll sergeant misses you. The gnoll hits you but does no damage.
The gnoll misses you.
You hit the gnoll sergeant but do no damage.
The gnoll sergeant is almost dead.
The gnoll closely misses you. The gnoll hits you with a +0 flail!
* * * LOW HITPOINT WARNING * * *
The gnoll sergeant closely misses you. The gnoll hits you with a +0 spear.
You die...

######......
#..........######
#..........##...#
#..........##.#.#
#..........##.#.#
#.........)'..#<#
.#.####..........######
......gg..[......>#
......g@.########+#
#.....gg.......
#....####...##. #..#
##..# #. #.# # .# #


You could see a gnoll sergeant and 4 gnolls.

Vanquished Creatures
  Menkaure (D:5)
  An ice beast (D:6)
  A sky beast (D:6)
  A black bear (D:5)
  6 ogres
  A phantom (D:6)
  A water moccasin zombie (D:6)
  3 hounds (D:5)
  Crazy Yiuf (D:5)
  An orc priest (D:5)
  An iguana (D:4)
  An orc wizard (D:5)
  Robin (D:3)
  4 gnolls
  7 adders
  A white imp (D:7)
  An ufetubus (D:5)
  4 worms
  A dart slug (D:1)
  7 orcs
  3 ball pythons
  3 bats
  4 endoplasms
  2 giant cockroaches
  12 goblins
  10 hobgoblins
  4 jackals
  5 kobolds
  4 quokkas
  2 frilled lizards
  4 rats
98 creatures vanquished.

Vanquished Creatures (others)
  19 plants (D:2)
19 creatures vanquished.

Grand Total: 117 creatures vanquished

Notes
Turn   | Place    | Note
-------+----------+-------------------------------------------
     0 | D:1      | Gwenloh the Troll Monk began the quest for the Orb.
     0 | D:1      | Reached XP level 1. HP: 22/22 MP: 0/0
    18 | D:1      | Found Ozycvast's Antique Armour Shoppe.
   115 | D:1      | Reached XP level 2. HP: 29/29 MP: 1/1
   189 | D:1      | Reached skill level 1 in Throwing
   528 | D:2      | Reached XP level 3. HP: 36/36 MP: 2/2
  1162 | D:3      | Reached XP level 4. HP: 44/44 MP: 3/3
  1181 | D:3      | Reached skill level 4 in Unarmed Combat
  1225 | D:3      | Found Boxefos's Assorted Antiques.
  1257 | D:3      | Noticed Robin
  1268 | D:3      | Killed Robin
  1688 | D:4      | Noticed an ogre
  1739 | D:3      | Killed an ogre
  1740 | D:3      | Reached XP level 5. HP: 40/53 MP: 4/4
  2176 | D:5      | Entered Level 5 of the Dungeon
  2195 | D:4      | Reached XP level 6. HP: 26/61 MP: 5/5
  2277 | D:5      | Reached skill level 5 in Unarmed Combat
  2313 | D:5      | Found Daxzuu Nucu's Book Emporium.
  2393 | D:5      | Reached XP level 7. HP: 66/68 MP: 6/6
  2498 | D:5      | Reached skill level 6 in Unarmed Combat
  2530 | D:5      | Noticed Menkaure
  2533 | D:5      | Killed Menkaure
  2718 | D:5      | Reached skill level 5 in Throwing
  2893 | D:5      | Found a runed translucent door.
  2894 | D:5      | Found the +6 shillelagh "Devastator" {shatter}
  2894 | D:5      | Noticed Crazy Yiuf
  3086 | D:5      | Killed Crazy Yiuf
  3087 | D:5      | Reached XP level 8. HP: 78/78 MP: 7/7
  3782 | D:6      | Reached skill level 7 in Unarmed Combat
  4162 | D:7      | Slain by a gnoll

Illustrated notes

Levels and vault maps discovered:
D:1:      dpeg_arrival_ternary, layout_basic, serial_shops, shop
D:2:      layout_rooms, serial_bayou_lagoon_a, minmay_misc_feat_more_columns
D:3:      layout_basic, serial_shops, nicolae_shop_statue_plus, uniq_robin
D:4:      layout_rooms
D:5:      layout_loops_ring, serial_shops, shop, kennysheep_generic_room_5,
          uniq_menkaure, uniq_crazy_yiuf_cottage
D:6:      layout_basic, lemuel_old_faithful
D:7:      layout_basic, minmay_temple_entry_ruins, minmay_misc_feat_iff,
          uniq_harold, uniq_joseph

Skill      XL: |  1  2  3  4  5  6  7  8 |
---------------+-------------------------+-----
Throwing       | 1 2 3 4 5 |  5.9
Unarmed Combat | 4 5 6 7 |  7.3
Fighting       | 3 4 |  4.6
Dodging        | |  2.4
Stealth        | |  1.0

Action                   |  1- 3 |  4- 6 |  7- 9 || total
-------------------------+-------+-------+-------++-------
Melee: Unarmed           |    79 |    52 |    40 ||   171
       Punch             |     3 |       |     1 ||     4
       Shillelagh        |       |       |     7 ||     7
Throw: Stone             |   116 |       |       ||   116
       Boomerang         |     3 |    75 |    51 ||   129
Evoke: Wand              |       |       |     3 ||     3
  Use: Scroll            |       |       |     2 ||     2
Armor: Robe              |    27 |     7 |    20 ||    54
       Skin              |       |     1 |       ||     1
Dodge: Dodged            |    24 |    21 |    23 ||    68

Table legend: (Time is in decaauts)
 A = Elapsed time spent in this place.
 B = Non-inter-level travel time spent in this place.
 C = Inter-level travel time spent in this place.
 D = Time resting spent in this place.
 E = Time spent auto-exploring this place.
 F = Levels seen in this place.
 G = Mean time per level.
                   A        B        C        D        E       F      G
               +--------+--------+--------+--------+--------+-----+--------+
         Total |   4184 |   3951 |    233 |      2 |   3161 |   7 |  597.7 |
       Dungeon |   4184 |   3951 |    233 |      2 |   3161 |   7 |  597.7 |
               +--------+--------+--------+--------+--------+-----+--------+

Top non-repeatable levels by time:
     D:6: 970 daAuts
     D:5: 930 daAuts
     D:2: 715 daAuts
     D:3: 604 daAuts
     D:4: 464 daAuts
     D:1: 458 daAuts
     D:7: 41 daAuts
